 Dungeon Crawl Stone Soup version 0.29.1-15-g9cfb28693d (webtiles) character file.

Game seed: 6450584066216177297

77 shealacz the Grasshopper (level 4, -5/36 HPs)
             Began as a Palentonga Warper on Mar 30, 2023.
             Slain by a gnoll
             ... wielding a +0 whip
              (6 damage)
             ... on level 4 of the Dungeon.
             The game lasted 00:08:32 (3588 turns).

shealacz the Grasshopper (Palentonga Warper)        Turns: 3588, Time: 00:08:33

Health: -5/36      AC:  5    Str: 17    XL:     4   Next: 14%
Magic:  7/7        EV:  9    Int: 15    God:
Gold:   125        SH:  0    Dex:  9    Spells: 5/7 levels left

rFire   . . .      SeeInvis +   h - +0 spear (vamp)
rCold   + . .      Faith    .   (no shield)
rNeg    . . .      Spirit   .   b - +0 leather armour
rPois   .          Reflect  .   (no helmet)
rElec   .          Harm     .   l - +0 cloak
rCorr   .          Rampage  .   (no gloves)
Will    .....                   (no barding)
Stlth   +.........              (no amulet)
HPRegen 0.12/turn               o - ring of protection from cold
MPRegen 0.10/turn               w - ring of wizardry

@: no status effects
A: large, rugged brown scales 3, see invisible, deformed body, roll 1, armoured
tail
a: Rolling Charge


You were on level 4 of the Dungeon.
You visited 1 branch of the dungeon, and saw 4 of its levels.

You collected 125 gold pieces.

Inventory:

Hand Weapons
 a - a +0 hand axe
 h - a +0 vampiric spear (weapon)
 j - a +1 whip of venom
Missiles
 d - 7 boomerangs of dispersal (quivered)
Armour
 b - a +0 leather armour (worn)
 l - a +0 cloak (worn)
Jewellery
 o - a ring of protection from cold (left hand)
 w - a ring of wizardry (right hand)
Scrolls
 c - 2 scrolls of blinking
 e - a scroll of silence {unknown}
 g - a scroll of noise {unknown}
 m - a scroll of summoning {unknown}
 q - a scroll of enchant weapon {unknown}
 s - 2 scrolls of identify
 u - a scroll of acquirement {unknown}
Potions
 f - a potion of might
 i - a potion of mutation
 k - a potion of cancellation
 n - a potion of degeneration {unknown}
 p - a potion of brilliance {unknown}
 r - a potion of flight {unknown}
 t - 2 potions of berserk rage {unknown}
 v - a potion of ambrosia {unknown}


   Skills:
 + Level 2.3 Fighting
 + Level 2.0(2.3) Axes
 + Level 1.3(1.8) Polearms
 + Level 0.6 Throwing
 + Level 1.5 Armour
 + Level 2.0 Dodging
 + Level 0.1 Stealth
 + Level 2.3 Spellcasting
 + Level 3.3 Translocations


You had 5 spell levels left.
You knew the following spells:

 Your Spells              Type           Power      Damage    Failure   Level
a - Blink                 Tloc           22%        N/A       4%          2

Your spell library contained the following spells:

 Spells                   Type           Power      Damage    Failure   Level
 Gell's Gravitas          Tloc           11%        N/A       8%          3
 Lesser Beckoning         Tloc           11%        N/A       8%          3
 Teleport Other           Tloc           11%        N/A       8%          3
 Stone Arrow              Conj/Erth      2%         3d7       28%         3
 Manifold Assault         Tloc           11%        N/A       54%         5
 Animate Armour           Summ/Erth      2%         N/A       65%         4
 Dispersal                Tloc           5%         N/A       98%         6
 Disjunction              Tloc           5%         N/A       100%        8
 Lehudib's Crystal Spear  Conj/Erth      0%         10d2      100%        8


Dungeon Overview and Level Annotations

Branches:
Dungeon (4/15)
 Temple: D:4-7

Altars:


Innate Abilities, Weirdness & Mutations

You are completely covered in rugged brown scales. (AC +3, +7% HP)
You have supernaturally acute eyesight. (SInv)
Armour fits poorly on your strangely shaped body.
You can roll at nearby foes to attack.
You have a long armoured tail.


Message History

There is a stone staircase leading down here.
t - 2 murky ruby potions (gained 1) Done exploring.
As you read the scroll of identify, it crumbles to dust.
f - a potion of might Done exploring.
Casting: Blink (safe; 4% risk of failure)
Confirm with . or Enter, or press ? or * to list all spells.
You blink.
You feel stable enough to blink again.
You see here a +0 leather armour.
Things that are here:
a +0 dagger; a kobold skeleton
There is a stone staircase leading down here.
You climb downwards.
The gnoll shouts! x2
Found a potion of mutation and a scroll of blinking.
There is a stone staircase leading up here.
You are a level 4 Palentonga Warper.
You are 14% of the way to level 5.
Play time: 00:08:10 (3583 turns).
Zot will find you in 20401 turns if you stay in this branch and explore no new floors.
Okay, then.
You aren't carrying any items that you can evoke.
The gnoll hits you with a +0 halberd!
The gnoll hits you from afar with a +0 halberd.
There is a stone staircase leading up here.
You hit the gnoll but do no damage.
The gnoll hits you from afar with a +0 halberd.
You hit the gnoll.
You feel better.
Your tail-slap misses the gnoll.
The gnoll is heavily wounded.
The gnoll hits you from afar with a +0 halberd.
The gnoll barely misses you.
You hit the gnoll but do no damage.
The gnoll is heavily wounded.
The gnoll hits you from afar with a +0 halberd!
The gnoll closely misses you.
The gnoll hits you from afar with a +0 halberd!
* * * LOW HITPOINT WARNING * * *
The gnoll hits you with a +0 whip.
You die...

..........
........
.?..... .!...
####....
......# #..g##
#g.# #@g#
#..........
.............
#..............
##......##.....
###..... ##...
...... ...
##..... ##


You could see 3 gnolls.

Vanquished Creatures
  An adder (D:3)
  3 worms
  A dart slug (D:3)
  7 orcs (D:3)
  4 bats
  4 endoplasms
  6 goblins
  3 hobgoblins
  4 quokkas
  4 ball pythons
  A ball python skeleton (D:2)
  2 frilled lizards
  5 kobolds
  2 rats
47 creatures vanquished.

Notes
Turn   | Place    | Note
-------+----------+-------------------------------------------
     0 | D:1      | shealacz the Palentonga Warper began the quest for the Orb.
     0 | D:1      | Reached XP level 1. HP: 17/17 MP: 3/3
   366 | D:1      | Found a faded altar of an unknown god.
   486 | D:1      | Reached skill level 1 in Armour
   752 | D:1      | Reached XP level 2. HP: 23/23 MP: 5/5
  1894 | D:2      | Reached XP level 3. HP: 23/28 MP: 6/6
  1897 | D:2      | Learned a level 2 spell: Blink
  2500 | D:3      | Reached skill level 1 in Polearms
  3056 | D:3      | Reached XP level 4. HP: 36/36 MP: 7/7
  3588 | D:4      | HP: 1/36 [gnoll/+0 halberd (12)]
  3588 | D:4      | Slain by a gnoll

Illustrated notes

Levels and vault maps discovered:
D:1:      wheals_arrival_linesprint, layout_basic, serial_corexii_hall,
          chequers_hall_statues_wall_a, chequers_hall_statues_corner_a,
          chequers_ecumenical_altar_island, minivault_19, minmay_3d_cube
D:2:      layout_loops_ring, serial_undead, serial_undead_e, serial_undead_d,
          serial_undead_e, serial_undead_e, serial_undead_e, serial_undead_b,
          minmay_tromino_mix6
D:3:      layout_basic
D:4:      layout_cave_pools, gammafunk_temple_overflow_pools,
          nicolae_vehumet_altar_sigil, minmay_temple_entry_tees,
          ebering_ghost_reflecting_pool

Skill      XL: |  1  2  3 |
---------------+----------+-----
Armour         | 1 |  1.5
Polearms       | 1 |  1.3
Dodging        | 2 |  2.0
Fighting       | |  2.3
Axes           | |  2.0
Throwing       | |  0.6
Stealth        | |  0.1
Spellcasting   | |  2.3
Translocations | |  3.3

Action                   |  1- 3 |  4- 6 || total
-------------------------+-------+-------++-------
Melee: Hand axe          |    13 |       ||    13
       Spear             |   164 |    23 ||   187
       Tailslap          |    22 |     2 ||    24
       Punch             |     3 |       ||     3
 Cast: Blink             |       |     1 ||     1
  Use: Scroll            |     3 |     1 ||     4
Armor: Leather armour    |    70 |     6 ||    76
Dodge: Dodged            |    73 |     4 ||    77
